 Dungeon Crawl Stone Soup version 0.27-a0-899-ge2d0b17c59 (webtiles) character file.

Game seed: 8926703872634598153

21 CurlyBrace the Vexing (level 2, -11/12 HPs)
             Began as a Felid Enchanter on Apr 6, 2021.
             Killed by nerve-wracking pain
             ... invoked by Jessica
              (13 damage)
             ... on level 2 of the Dungeon.
             The game lasted 00:01:56 (280 turns).

CurlyBrace the Vexing (Felid Enchanter)              Turns: 280, Time: 00:01:57

Health: -11/12     AC:  1    Str:  4    XL:     2   Next: 65%
Magic:  6/6        EV: 17    Int: 16    God:
Gold:   9          SH:  0    Dex: 16    Spells: 2/5 levels left
                                        Lives:  0   Deaths: 0

rFire    . . .     SeeInvis +     - Unarmed
rCold    . . .     Faith    .   (shield unavailable)
rNeg     . . .     Spirit   .   (armour unavailable)
rPois    .         Reflect  .   (helmet unavailable)
rElec    .         Harm     .   (cloak unavailable)
rCorr    .         Rampage  .   (gloves unavailable)
Will     .....                  (boots unavailable)
Stlth    +++.......             (no amulet)
HPRegen  0.04/turn              (no ring)
MPRegen  0.10/turn              (no ring)

@: quick
A: very small, claws 1, fangs 3, see invisible, speed 1, shaggy fur 1, stealthy
paws, no weapons or thrown items, no armour, multi-lived
a: no special abilities


You were on level 2 of the Dungeon.
You visited 1 branch of the dungeon, and saw 2 of its levels.

You collected 9 gold pieces.

You aren't carrying anything.


   Skills:
 * Level 1.3 Fighting
 + Level 3.1 Dodging
 - Level 4.0 Stealth
 * Level 1.8 Unarmed Combat
 - Level 2.0 Spellcasting
 - Level 4.4 Hexes


You had 2 spell levels left.
You knew the following spells:

 Your Spells              Type           Power      Damage    Failure   Level
a - Corona                Hex            16%        N/A       3%          1
b - Ensorcelled Hibernat  Hex/Ice        16%        N/A       13%         2

Your spell library contained the following spells:

 Spells                   Type           Power      Damage    Failure   Level
 Confusing Touch          Hex            15%        N/A       11%         3
 Tukima's Dance           Hex            15%        N/A       11%         3
 Dazzling Flash           Conj/Hex       16%        N/A       26%         3


Dungeon Overview and Level Annotations

Branches:
Dungeon (2/15)

Altars:

Annotations:
D:2 Jessica


Innate Abilities, Weirdness & Mutations

You have sharp claws.
You have razor-sharp teeth.
You have supernaturally acute eyesight. (SInv)
You cover ground quickly. (Speed+)
You are covered in fur. (AC +1)
Your stealthy paws help you sneak and pounce on unaware monsters.
You are incapable of wielding weapons or throwing items.
You cannot wear armour.
You gain extra lives every three experience levels.


Message History

You kill the hobgoblin!
You see here a hobgoblin corpse.
A giant cockroach comes into view.
The helpless giant cockroach fails to defend itself.
You claw the giant cockroach!
You kill the giant cockroach!
Found a scroll labelled TUSTUBBORCHI.
You see here a scroll labelled TUSTUBBORCHI.
a - a scroll labelled TUSTUBBORCHI A goblin comes into view.
It is wielding a +1 dagger of venom.
You scratch the goblin.
The goblin is severely wounded.
The goblin misses you.
You scratch the goblin.
You kill the goblin!
You see here a +1 dagger of venom.
A bat comes into view.
You pounce on the unaware helpless bat!
You claw the bat!
You kill the bat!
You see here a bat corpse.
A gnoll comes into view. It is wielding a +0 spear.
Jessica the Apprentice Sorceress comes into view.
She is wielding a +0 club and carrying a wand of polymorph (5). 3 gnolls come into view.
You pounce on the unaware helpless gnoll!
You claw the gnoll!
The gnoll is severely wounded.
The gnoll hits you with a +0 spear!
Ouch! That really hurt!
* * * LOW HITPOINT WARNING * * *
Jessica shouts!
You hear a shout! x3
Jessica casts a spell.
Jessica seems to speed up.
As you read the scroll labelled TUSTUBBORCHI, it crumbles to dust.
It is a scroll of identify.
You don't have any unidentified items.
Jessica points at you and mumbles some strange words.
Pain shoots through your body!
Ouch! That really hurt!
You die...

....# ###.# #..
.. #.# #.# .#
#†# #.# .# #.#
#.# .# #.#
#.##.# #.#
#####.#.@#####.
#.#
#.........g..gg
#.# #@#.# #.#
#...#
#.#########
##..#
#.........#
#..#
#########.#
#..# ## #.#
#..# ..# #.#
#..# #.#
##########.#
#..#####.#
#..........#
#..†..##.# #


You could see a gnoll and Jessica (fast).

Vanquished Creatures
  An adder (D:2)
  2 endoplasms (D:2)
  A giant cockroach (D:2)
  2 goblins (D:2)
  A hobgoblin (D:2)
  A kobold (D:2)
  A quokka (D:1)
  A bat (D:2)
  A rat (D:2)
11 creatures vanquished.

Notes
Turn   | Place    | Note
-------+----------+-------------------------------------------
     0 | D:1      | CurlyBrace the Felid Enchanter began the quest for the Orb.
     0 | D:1      | Reached XP level 1. HP: 7/7 MP: 4/4
    48 | D:2      | Reached skill level 1 in Fighting
    48 | D:2      | Reached XP level 2. HP: 6/12 MP: 4/6
   143 | D:2      | Learned a level 2 spell: Ensorcelled Hibernation
   271 | D:2      | Noticed Jessica
   280 | D:2      | Killed from afar by Jessica

Illustrated notes

Levels and vault maps discovered:
D:1:      onia_arrival_mini_spirals, layout_basic, basic_ecumenical_altar
D:2:      layout_loops_ring, uniq_jessica, uniq_natasha

Skill      XL: |  1 |
---------------+----+-----
Fighting       | 1 |  1.3
Dodging        | 3 |  3.1
Stealth        | |  4.0
Unarmed Combat | |  1.8
Spellcasting   | |  2.0
Hexes          | |  4.4

Action                   || total
-------------------------++-------
Melee: Unarmed           ||    26
 Cast: Corona            ||     1
       Ensorcelled Hiber ||     4
  Use: Scroll            ||     1
       Potion            ||     1
 Stab: Sleeping          ||     9
Armor: Skin              ||     1
Dodge: Dodged            ||    14

Table legend: (Time is in decaauts)
 A = Elapsed time spent in this place.
 B = Non-inter-level travel time spent in this place.
 C = Inter-level travel time spent in this place.
 D = Time resting spent in this place.
 E = Time spent auto-exploring this place.
 F = Levels seen in this place.
 G = Mean time per level.
                   A        B        C        D        E       F      G
               +--------+--------+--------+--------+--------+-----+--------+
         Total |    242 |    242 |      0 |      0 |      0 |   2 |  121.0 |
       Dungeon |    242 |    242 |      0 |      0 |      0 |   2 |  121.0 |
               +--------+--------+--------+--------+--------+-----+--------+

Top non-repeatable levels by time:
     D:2: 214 daAuts
     D:1: 28 daAuts
